 Dungeon Crawl Stone Soup version 0.19.5 (console) character file.

72 Grinner the Ducker (level 4, -4/23 HPs)
             Began as a Spriggan Fighter on Mar 5, 2017.
             Killed from afar by a white imp (11 damage)
             ... with a puff of frost
             ... summoned by Natasha
             ... on level 2 of the Dungeon.
             The game lasted 00:03:04 (1134 turns).

Grinner the Ducker (Spriggan Fighter)               Turns: 1134, Time: 00:03:04

Health: -4/23      AC:  2    Str: 12    XL:     4   Next: 7%
Magic:  5/5        EV: 19    Int:  9    God:
Gold:   110        SH:  6    Dex: 16    Spells: 0 memorised, 3 levels left

rFire  . . .     SeeInvis +     a - +2 short sword (flame)
rCold  . . .     Gourm    .     b - +0 robe
rNeg   . . .     Faith    .     c - +0 buckler
rPois  .         Spirit   .     (helmet restricted)
rElec  .         Reflect  .     (no cloak)
rCorr  .         Harm     .     (gloves unavailable)
MR     .....                    (boots unavailable)
Stlth  ++........               (no amulet)
                                (no ring)
                                (no ring)

@: very quick
A: unfitting armour, see invisible, herbivore 3, speed 3, slow metabolism 2
a: no special abilities


You were on level 2 of the Dungeon.
You were not hungry.

You visited 1 branch of the dungeon, and saw 2 of its levels.

You collected 110 gold pieces.

Inventory:

Hand Weapons
 a - a +2 short sword of flaming (weapon)
 i - a +0 rapier
Armour
 b - a +0 robe (worn)
 c - a +0 buckler (worn)
Scrolls
 e - 2 scrolls of remove curse {unknown}
 j - 3 scrolls of identify {unknown}
 l - a scroll of amnesia {unknown}
 m - a scroll of fear {unknown}
 o - a scroll of fog {unknown}
Potions
 d - a potion of might
 h - a potion of brilliance {unknown}
 k - a potion of curing
 n - a potion of agility {unknown}
Comestibles
 f - 3 bread rations
 g - 3 fruits


   Skills:
 - Level 2.4 Fighting
 * Level 4.3 Short Blades
 - Level 4.4 Dodging
 + Level 2.5 Stealth
 - Level 2.1 Shields


You had 3 spell levels left.
You didn't know any spells.

Dungeon Overview and Level Annotations

Branches:
Dungeon (2/15)

Altars:

Annotations:
D:2 Natasha


Innate Abilities, Weirdness & Mutations

You are very small and have problems with some larger weapons.
You are too small for most types of armour.
You have supernaturally acute eyesight. (SInv)
You are a herbivore.
You cover ground extremely quickly.
You need consume almost no food.


Message History

You closely miss Natasha. Natasha completely misses you.
You barely miss Natasha.
Natasha mumbles some strange words.
You feel troubled.
Natasha casts a spell.
You hit Natasha. You burn Natasha.
Natasha is moderately wounded.
Natasha claws you.
You hit Natasha. You burn Natasha.
Natasha is heavily wounded.
The white imp gestures at you. The puff of frost hits you!
Natasha casts a spell at you. The magic dart hits you!
* * * LOW HITPOINT WARNING * * *
Okay, then.
It was a potion of curing.
You feel better. The white imp gestures at you. The puff of frost hits you!
You die...

.........# ### ..
.........# # ....######
.# ..#.>.....### #.#
............. ##..#
.##..#######.#####...#
.##[.## #..#....#
......## ##.....##
##..#..# #....@h.#
.....#.#####.##..5....#
...........#.##....##...
.......# #.........# .
..####.# #...##....# ..#
#.# #..###....#
.#####.####.# #....#
##.....)....###.....
##....)†...........#


You could see Natasha and a white imp.

Vanquished Creatures
  3 gnolls (D:2)
  An ooze (D:1)
  A worm (D:2)
  A leopard gecko (D:2)
  A giant cockroach (D:1)
  6 goblins
  6 hobgoblins
  6 kobolds (D:1)
  A ball python (D:1)
  4 bats
  A frilled lizard (D:2)
  3 rats
34 creatures vanquished.

Notes
Turn   | Place    | Note
-------+----------+-------------------------------------------
     0 | D:1      | Grinner the Spriggan Fighter began the quest for the Orb.
     0 | D:1      | Reached XP level 1. HP: 11/11 MP: 2/2
   110 | D:1      | Reached XP level 2. HP: 13/16 MP: 3/3
   304 | D:1      | Reached skill level 1 in Stealth
   626 | D:1      | Reached XP level 3. HP: 19/19 MP: 4/4
  1080 | D:2      | Reached XP level 4. HP: 23/23 MP: 5/5
  1118 | D:2      | Noticed Natasha
  1133 | D:2      | HP: 1/23 [Natasha/magic dart (9)]
  1134 | D:2      | Killed from afar by a white imp

Skill      XL: |  1  2  3 |
---------------+----------+-----
Short Blades   | 3 4 |  4.3
Stealth        | 1 2 |  2.5
Fighting       | |  2.4
Dodging        | |  4.4
Shields        | |  2.1

Action                   |  1- 3 |  4- 6 || total
-------------------------+-------+-------++-------
Melee: Rapier            |    21 |       ||    21
       Short sword       |    70 |     8 ||    78
  Use: Potion            |       |     1 ||     1
 Stab: Sleeping          |     3 |       ||     3
Armor: Robe              |     5 |       ||     5
Dodge: Dodged            |    63 |     5 ||    68
Block: Buckler           |    17 |       ||    17
